 Dungeon Crawl Stone Soup version 0.25-a0-1136-gc1285e62ab (webtiles) character file.

Game seed: 8847937869905125667, levelgen mode: deterministic

124 Glundar the Skirmisher (level 5, -3/47 HPs)
             Began as a Hill Orc Fighter on May 23, 2020.
             Succumbed to a kobold's poison
             ... on level 3 of the Dungeon.
             The game lasted 00:06:09 (2310 turns).

Glundar the Skirmisher (Hill Orc Fighter)           Turns: 2310, Time: 00:06:10

Health: -3/47      AC:  8    Str: 20    XL:     5   Next: 8%
Magic:  5/5        EV:  7    Int:  8    God:
Gold:   42         SH:  9    Dex: 10    Spells: 4/4 levels left

rFire    . . .     SeeInvis .   a - +0 war axe
rCold    . . .     Gourm    .   c - +0 kite shield
rNeg     . . .     Faith    .   b - +0 scale mail
rPois    .         Spirit   .   (no helmet)
rElec    .         Reflect  .   (no cloak)
rCorr    .         Harm     .   (no gloves)
MR       .....                  o - +0 pair of boots
Stlth    ..........             (no amulet)
HPRegen  0.15/turn              (no ring)
MPRegen  0.09/turn              (no ring)

@: lethally poisoned (-3 -> -72)
A: no striking features
a: no special abilities


You were on level 3 of the Dungeon.
You were hungry.

You visited 1 branch of the dungeon, and saw 3 of its levels.

You collected 42 gold pieces.

Inventory:

Hand Weapons
 a - a +0 war axe (weapon)
 m - a +0 whip
Missiles
 g - 26 sling bullets
Armour
 b - a +0 scale mail (worn)
 c - a +0 kite shield (worn)
 o - a +0 pair of boots (worn)
Scrolls
 e - a scroll of immolation {unknown}
 i - 2 scrolls of teleportation {unknown}
 j - 2 scrolls of remove curse {unknown}
Potions
 h - a potion of haste {unknown}
 k - a potion of brilliance {unknown}
 l - 3 potions of curing {unknown}
 n - a potion of heal wounds {unknown}
Comestibles
 f - 6 rations


   Skills:
 + Level 4.7 Fighting
 + Level 4.0 Axes
 + Level 4.2 Armour
 + Level 4.1 Shields


You had 4 spell levels left.
You didn't know any spells.
Your spell library was empty.

Dungeon Overview and Level Annotations

Branches:
Dungeon (3/15)

Altars:
Ashenzari
Trog
Uskayaw
Vehumet


Message History

You are more poisoned.
You barely miss the kobold.
You feel very sick. The kobold hits you but does no damage.
You are more poisoned.
You are too injured to fight recklessly!
You are too injured to fight recklessly!
You closely miss the kobold.
* * * LOW HITPOINT WARNING * * *
You feel extremely sick. You block the kobold's attack.
Your scale mail prevents you from hitting the kobold.
* * * LOW HITPOINT WARNING * * *
You feel very sick.
The kobold hits you with a +2 dagger of venom.
* * * LOW HITPOINT WARNING * * *
You are more poisoned.
The kobold hits you but does no damage.
You hit the kobold but do no damage.
You die...

..#.###(.................#......รท
.g...(....###.#..........#.##....
........#####.#.##.......#. #.#..
#######.#.......##.......#.##.#..
#.#........#.#.#####.#.....
#.#.....##.#.#.# #.....
#.#.....##.#...# #.....
#.#.....##.#...# #.###.
.#####...@..#. #. #.. #..#K....#
### #..#...### #. #...# #. +.... #
#..... ###.... .....


You could see a kobold.

Vanquished Creatures
  6 adders
  2 worms (D:2)
  2 dart slugs
  A leopard gecko (D:3)
  2 orcs (D:3)
  5 bats
  3 giant cockroaches
  8 goblins
  4 hobgoblins
  4 jackals (D:3)
  A quokka (D:3)
  6 frilled lizards
  8 kobolds
  9 rats
61 creatures vanquished.

Notes
Turn   | Place    | Note
-------+----------+-------------------------------------------
     0 | D:1      | Glundar the Hill Orc Fighter began the quest for the Orb.
     0 | D:1      | Reached XP level 1. HP: 19/19 MP: 1/1
     3 | D:1      | Noticed a dwarf
     5 | D:1      | Noticed a dwarf
    12 | D:1      | Noticed a ghoul
    13 | D:1      | Noticed a troll
    18 | D:1      | Noticed a troll
   311 | D:1      | Reached XP level 2. HP: 26/27 MP: 2/2
   926 | D:2      | Found a hide-covered altar of Uskayaw.
   947 | D:2      | Found a bloodstained altar of Trog.
   950 | D:2      | Reached XP level 3. HP: 33/33 MP: 3/3
  1315 | D:2      | You fall into a shaft and drop 1 floor!
  1329 | D:3      | Reached XP level 4. HP: 38/41 MP: 4/4
  1639 | D:2      | Found a radiant altar of Vehumet.
  1685 | D:2      | Found a shattered altar of Ashenzari.
  1923 | D:3      | Reached XP level 5. HP: 45/47 MP: 5/5
  2310 | D:3      | Succumbed to a kobold's poison

Illustrated notes

Levels and vault maps discovered:
D:1:      shiori_arrival_whats_in_store_for_you, layout_basic
D:2:      layout_rooms, lemuel_round_altar,
          chequers_temple_overflow_statue_of_worship,
          nicolae_overflow_crystal_walls, first_ration,
          hangedman_decor_clover_reticule, minmay_misc_feat_hallway
D:3:      layout_basic

Skill      XL: |  1  2  3  4  5 |
---------------+----------------+-----
Axes           | 3 4 |  4.0
Fighting       | 4 |  4.7
Armour         | 4 |  4.2
Shields        | 4 |  4.1

Action                   |  1- 3 |  4- 6 || total
-------------------------+-------+-------++-------
Melee: War axe           |    88 |    88 ||   176
  Use: Potion            |     3 |       ||     3
  Eat: Chunk             |     1 |     3 ||     4
Armor: Scale mail        |    55 |    43 ||    98
Dodge: Dodged            |    35 |    21 ||    56
Block: Kite shield       |    44 |    41 ||    85

Table legend:
 A = Non-vault XP
 B = Vault XP
 C = Vault XP percentage of total XP
 D = Non-vault monster count
 E = Vault monster count
 F = Vault count percentage of total count
                 A         B        C        D         E       F
            +---------+---------+-------+---------+---------+-------
      Total |     178 |       0 |   0.0 |      61 |       0 |   0.0
            +---------+---------+-------+---------+---------+-------
        D:1 |      24 |       0 |   0.0 |      15 |       0 |   0.0
        D:2 |      92 |       0 |   0.0 |      25 |       0 |   0.0
        D:3 |      62 |       0 |   0.0 |      21 |       0 |   0.0
            +---------+---------+-------+---------+---------+-------
